Unix NetHack Version 5.0.0-0 post-release - last build May 23 2026 06:08:33 (1c0ff79ee797540d5714e4e18072db0edd9e58ae,branch:main).

Game began 2026-05-26 05:42:14, ended 2026-05-26 20:06:48.

Haxasaurus, lawful female dwarven Valkyrie

            -------
            |.<...|
            |.....|
            |.....|
            ---.-|-
               # ##
               ##
                #
          ##############0
          #  #--.----#
  -------##   |.....|
  |?....|%    |.....|
  |...f@%#    |.....|
  |.)...|     |.....|
  |.....+     |....>.
  -------     |.....|
              -------

Haxasaurus the Fighter      St:18/04 Dx:12 Co:17 In:8 Wi:9 Ch:9  Lawful
Dlvl:7  $:5  HP:0(61) Pw:10(10) AC:-2 Xp:6/611 T:2958 

Latest messages:
 You hit the human zombie!
 The human zombie hits!
 [HP -4, 26 left]
 The giant spider misses!
 You miss the human zombie.
 The human zombie misses!
 The giant spider bites!
 [HP -2, 24 left]
 You destroy the human zombie!
 The giant spider bites!
 [HP -5, 19 left]
 The giant spider misses!
 You hit the giant spider!
 The giant spider bites!
 [HP -5, 14 left]
 You hit the giant spider!
 The human zombie hits!
 [HP -2, 12 left]
 The giant spider bites!
 [HP -5, 7 left]
 The giant spider bites!
 [HP -2, 5 left]
 You kill the giant spider!
 You see here a giant spider corpse.
 You hit the human zombie!
 You miss the human zombie.
 You miss the human zombie.
 The human zombie misses!
 You destroy the human zombie!
 You stumble into a spider web!
 You disentangle yourself.
 What do you want to throw?
 In what direction? 4
 The corpse misses the jaguar.
 The jaguar hits!
 [HP -1, 5 left]
 The jaguar misses!
 The jaguar misses!
 The jaguar hits!
 [HP -2, 3 left]
 The jaguar hits again!
 [HP -1, 2 left]
 The jaguar bites!
 [HP -7, -5 left]
 You die...
 Do you want your possessions identified? n
 Do you want to see your attributes? n
 Do you want an account of creatures vanquished? [ynaq] (y) n
 Do you want to see your conduct and achievements? n
 Do you want to see the dungeon overview? n

Inventory:
 Coins    ('$')
  $ - 5 gold pieces
 Amulets  ('"')
  n - a cursed amulet of change
  h - a cursed amulet of restful sleep
 Weapons  (')')
  b - a blessed +0 dagger (alternate weapon; not wielded)
  a - a +1 dwarvish spear (weapon in right hand)
  x - a +0 orcish dagger
 Armor    ('[')
  u - an uncursed +0 orcish helm (being worn)
  o - an uncursed +0 pair of jumping boots (being worn)
  c - an uncursed +3 small shield (being worn)
  B - an uncursed +0 banded mail (being worn)
 Comestibles  ('%')
  E - 2 uncursed food rations
  i - an uncursed tin of szechuan newt meat
 Scrolls  ('?')
  H - an uncursed scroll of blank paper
  j - an uncursed scroll of enchant weapon
  w - an uncursed scroll of food detection
 Spellbooks  ('+')
  A - an uncursed spellbook of levitation
 Potions  ('!')
  f - an uncursed potion of confusion
  e - a blessed potion of enlightenment
  m - an uncursed potion of extra healing
  G - an uncursed potion of hallucination
  v - a blessed potion of healing
  z - an uncursed potion of healing
  t - a cursed potion of object detection
  y - a cursed potion of sleeping
  k - an uncursed potion of water
 Gems/Stones  ('*')
  s - an uncursed worthless piece of black glass
  g - an uncursed worthless piece of blue glass
  q - an uncursed worthless piece of orange glass
  l - an uncursed luckstone
 Special
 (list likely candidates)

Haxasaurus the Valkyrie's attributes:

Background:
 You were a Fighter, a level 6 dwarven Valkyrie.
 You were lawful, nominally on a mission for Tyr
 who was opposed by Odin (neutral) and Loki (chaotic).
 You were right-handed.
 You were in the Dungeons of Doom, on level 7.
 You entered the dungeon 2958 turns ago.
 You had 611 experience points, 29 more were needed to attain level 7.

Basics:
 You had 0 out of 61 hit points.
 You had all 10 energy points (spell power).
 Your armor class was -2.
 Your wallet contained 5 zorkmids.
 Autopickup was on for '$"=/!?' plus thrown, with exceptions.

Final Characteristics:
 Your strength was 18/04 (peak:18/05, limit:18/100).
 Your dexterity was 12 (limit:20).
 Your constitution was 17 (limit:20).
 Your intelligence was 8 (limit:16).
 Your wisdom was 9 (limit:16).
 Your charisma was 9 (limit:16).

Final Status:
 You weren't hungry.
 You were unencumbered.
 You were wielding a spear.
 You had basic skill with spear and could have enhanced that.

Final Attributes:
 You were piously aligned.
 You were cold resistant.
 You were poison resistant.
 You were telepathic.
 You had infravision.
 You were stealthy.
 You could jump.
 You were warded.
 You were lucky.
 You had extra luck.
 Bad luck did not time out for you.
 Good luck did not time out for you.
 You are dead.

Miscellaneous:
 You didn't encounter any bones levels.
 Total elapsed playing time was 40 minutes and 7 seconds.

Major events:
 Turn
    1: Haxasaurus the lawful dwarven Valkyrie entered the dungeon
 1153: attained the rank of Skirmisher (level 3)
 1430: entered the Gnomish Mines
 2526: attained the rank of Fighter (level 6)
 2958: killed by a jaguar

You didn't know any spells.

Skills:
 Fighting Skills
   bare handed combat [Unskilled]
   two weapon combat  [Unskilled]
   riding             [Unskilled]
 Weapon Skills
   dagger             [Basic]
   axe                [Unskilled]
   pick-axe           [Unskilled]
   short sword        [Unskilled]
   broadsword         [Unskilled]
   long sword         [Unskilled]
   two-handed sword   [Unskilled]
   saber              [Unskilled]
   hammer             [Unskilled]
   quarterstaff       [Unskilled]
   polearms           [Unskilled]
   spear              [Basic]
   trident            [Unskilled]
   lance              [Unskilled]
   sling              [Unskilled]
 Spellcasting Skills
   attack spells      [Unskilled]
   escape spells      [Unskilled]

Voluntary challenges:
 Character rerolling was not enabled.
 You were an atheist.
 You were illiterate.
 You never genocided any monsters.
 You never polymorphed an object.
 You never changed form.
 You used no wishes.
Achievements:
 You entered a shop.
 You attained the rank of Skirmisher.
 You entered the Gnomish Mines.
 You attained the rank of Fighter.

 The Dungeons of Doom: levels 1 to 7
    Level 1:
       A fountain.
    Level 2:
       A potion shop, a sink.
    Level 3:
       A fountain.
    Level 4: "closed shop"
       A fountain.
       Stairs down to The Gnomish Mines.
    Level 5:
       A fountain, a grave.
    Level 6:
       A general store.
    Level 7: <- You were here.
       Final resting place for
          you, killed by a jaguar.
 The Gnomish Mines:
    Level 5:


Vanquished creatures:
  3 large mimics
  a small mimic
  a giant beetle
  a giant spider
  a lizard
  a blue jelly
  3 human zombies
  a fire ant
  a rock piercer
  a fog cloud
  a violet fungus
  a paper golem
  2 floating eyes
  a kitten
  a homunculus
  4 rothes
  a rabid rat
  a wererat
  a werejackal
  2 gas spores
  2 yellow molds
  a green mold
  a gnome zombie
  3 geckos
  7 jackals
  a fox
  3 goblins
  4 sewer rats
  4 grid bugs
  5 lichens
  4 newts
64 creatures vanquished.

No species were genocided or became extinct.

Game over:
                       ----------
                      /          \
                     /    REST    \
                    /      IN      \
                   /     PEACE      \
                  /                  \
                  |    Haxasaurus    |
                  |       5 Au       |
                  |   killed by a    |
                  |      jaguar      |
                  |                  |
                  |                  |
                  |       2026       |
                 *|     *  *  *      | *
        _________)/\\_//(\/(/\)/\//\/|_)_______

Farvel Haxasaurus the Valkyrie...

You died in The Dungeons of Doom on dungeon level 7 with 2749 points,
and 5 pieces of gold, after 2958 moves.
You were level 6 with a maximum of 61 hit points when you died.

